 Dungeon Crawl Stone Soup version 0.26-a0-682-g294304f6e8 (webtiles) character file.

Game seed: 13879494042934063280

5877 PentaManta the Sharpshooter (level 11, -10/66 (67) HPs)
             Began as a Halfling Hunter on Oct 20, 2020.
             Was a High Priest of Okawaru.
             Killed by the air
             ... invoked by Gastronok
              (14 damage)
             ... on level 9 of the Dungeon.
             The game lasted 00:22:26 (11980 turns).

PentaManta the Sharpshooter (Halfling Hunter)      Turns: 11980, Time: 00:22:27

HP:   -10/66 (67)   AC: 14    Str: 16    XL:     11   Next: 8%
MP:   11/11         EV: 25    Int:  9    God:    Okawaru [*****.]
Gold: 575           SH:  0    Dex: 12    Spells: 10/10 levels left

rFire    + . .     SeeInvis .   a - +2 hand crossbow
rCold    . . .     Faith    .   (shield restricted)
rNeg     . . .     Spirit   .   o - +0 storm dragon scales
rPois    .         Reflect  .   (no helmet)
rElec    +         Harm     .   v - +0 cloak
rCorr    .         Rampage  .   (no gloves)
MR       .....                  D - +1 pair of boots of Entitlement {rF+ Slay+5}
Stlth    ..........             g - amulet of the acrobat
HPRegen  0.21/turn              p - -4 ring of dexterity
MPRegen  0.12/turn              (no ring)

@: acrobat, slowed, very slow
A: small, mutation resistance 1
a: Heroism, Finesse, Renounce Religion


You were on level 9 of the Dungeon.
You worshipped Okawaru.
Okawaru was extremely pleased with you.
You visited 2 branches of the dungeon, and saw 10 of its levels.
You also visited: Ossuary.

You collected 575 gold pieces.

Inventory:

Hand Weapons
 a - a +2 hand crossbow (weapon)
 t - a +0 hunting sling
 H - a +5 dagger of venom
Missiles
 d - 71 bolts (quivered)
 e - 119 stones
 k - 123 sling bullets
 J - 32 poisoned darts
Armour
 o - +0 storm dragon scales (worn)
 v - a +0 cloak (worn)
 D - the +1 pair of boots of Entitlement (worn) {rF+ Slay+5}
   (You found it on level 5 of the Dungeon)

   It affects your accuracy and damage with ranged weapons and melee attacks
   (+5).
   It protects you from fire.
Jewellery
 b - a +4 ring of evasion {unknown}
 g - an amulet of the acrobat (around neck)
 p - a -4 ring of dexterity (left hand)
 I - an uncursed amulet of regeneration {unknown}
Wands
 h - a wand of disintegration (9)
Scrolls
 j - 6 scrolls of teleportation
 l - 6 scrolls of amnesia
 s - a scroll of blinking {unknown}
 w - a scroll of random uselessness
 y - 4 scrolls of enchant weapon
 z - 3 scrolls of identify
 A - 2 scrolls of magic mapping
 E - a scroll of remove curse
 G - a scroll of fear {unknown}
 K - a scroll of enchant armour {unknown}
Potions
 c - 2 potions of lignification
 f - 10 potions of curing
 i - a potion of magic
 m - a potion of mutation {unknown}
 n - 4 potions of flight
 q - 2 potions of might
 r - a potion of berserk rage {unknown}
 u - a potion of haste
 x - 5 potions of heal wounds {unknown}
 B - 2 potions of brilliance {unknown}
 C - 2 potions of degeneration {unknown}
 F - 2 potions of invisibility


   Skills:
 + Level 3.5 Fighting
 - Level 12.0 Slings
 - Level 15.2 Crossbows
 + Level 3.4 Armour
 + Level 4.2 Dodging
 - Level 1.1 Stealth


You had 10 spell levels left.
You didn't know any spells.
Your spell library contained the following spells:

 Spells                   Type           Power        Failure   Level
 Magic Dart               Conj           #...         100%        1
 Shock                    Conj/Air       #...         100%        1
 Searing Ray              Conj           #.....       100%        2
 Swiftness                Air            #.......     100%        2
 Dazzling Flash           Conj/Hex       #.....       100%        3
 Static Discharge         Conj/Air       #.......     100%        3
 Airstrike                Air            #.........   100%        4
 Fulminant Prism          Conj/Hex       #.........   100%        4
 Iskenderun's Mystic Bla  Conj/Tloc      #.......     100%        4
 Lightning Bolt           Conj/Air       #.........   100%        5


Dungeon Overview and Level Annotations

Branches:
Dungeon (9/15)             Temple (1/1) D:4         Ossuary (visited)
   Lair: D:8-11         Orc: D:9-12

Altars:
Ashenzari
Cheibriados
Dithmenos
Elyvilon
Fedhas
Gozag
Hepliaklqana
Kikubaaqudgha
Makhleb
Nemelex Xobeh
Okawaru
Qazlal
Ru
Sif Muna
Trog
Uskayaw
Vehumet
Wu Jian
Xom
Yredelemnul
Zin
The Shining One

Shops:
D:4 [   D:8 [

Annotations:
D:5 2 transporters, Supaplex's ghost, novice GnWz
D:6 2 runed translucent doors, ICC's ghost, novice VSFi
D:8 2 transporters, shin's ghost, novice MfIE
D:9 Gastronok


Innate Abilities, Weirdness & Mutations

You are small and have problems with some larger weapons.
You are somewhat resistant to further mutation.


Message History

The bat misses you.
Firing (i - inventory. (/) - cycle)
d - 73 bolts (quivered)
Press: ? - help, Shift-Dir - straight line, f/p - Gastronok
Aim: Gastronok, wearing a +1 hat of magic resistance (heavily wounded, covering ground quickly)
You shoot a bolt. The bolt hits Gastronok.
Gastronok is heavily wounded.
The bat closely misses you.
Gastronok's eyestalks quiver as he mumbles some strange words.
The bat barely misses you.
Firing (i - inventory. (/) - cycle)
d - 72 bolts (quivered)
Press: ? - help, Shift-Dir - straight line, f/p - Gastronok
Aim: Gastronok, wearing a +1 hat of magic resistance (heavily wounded, covering ground quickly)
You shoot a bolt.
The bolt hits Gastronok but does no damage.
Gastronok is heavily wounded.
The bat hits you but does no damage. The bat completely misses you.
Gastronok waves his eye-stalks in wide circles.
The air twists around and strikes you!
You die...

#.#####.# #######.# #.
####.......# #†# #.
#...)......# #.# #.
#..........# #.#
#((((.(....# #.#####.
#.#+##+#w..# #.......
#...###########)......
#...r......)..).......
#..r.@........##+#....
###...b.........#
#....
.................#
#....
.............######
#.... ############+#
#+###


You could see Gastronok (swift), a quokka (summoned), a bat (summoned) and a rat
(summoned).

Vanquished Creatures
  A two-headed ogre (D:9)
  A troll (D:7)
  Duvessa (D:7)
  3 orc warriors
  An ice beast (D:6)
  4 sky beasts
  2 black bears
  2 ogres
  A phantom (D:7)
  4 centaurs
  A necrophage (D:5)
  2 elf zombies (Ossuary)
  Blork the orc (D:4)
  2 bullfrogs (D:6)
  Dowan (D:7)
  3 scorpions
  31 wights
  A howler monkey (D:5)
  A jelly (D:6)
  A bullfrog zombie (D:6)
  A quasit (D:6)
  5 hounds
  5 centaur zombies (Ossuary)
  A human zombie (Ossuary)
  3 orc priests
  A bullfrog skeleton (D:8)
  8 orc wizards
  4 iguanas
  5 worker ants
  A big kobold zombie (Ossuary)
  2 hound skeletons
  2 mummies (Ossuary)
  A worker ant zombie (D:9)
  6 gnolls
  9 adders
  A shadow imp (D:5)
  A white imp (D:5)
  An ufetubus (D:5)
  An ooze (D:8)
  An adder skeleton (D:8)
  An adder zombie (D:8)
  A worm (D:3)
  A dart slug (D:1)
  6 leopard geckos
  32 orcs
  9 giant cockroaches
  8 hobgoblins
  8 kobolds
  9 quokkas
  11 bats
  6 frilled lizards
  5 goblins
  A goblin zombie (Ossuary)
  10 hobgoblin zombies (Ossuary)
  A jackal skeleton (D:5)
  A jackal zombie (Ossuary)
  6 kobold zombies (Ossuary)
  A leopard gecko skeleton (D:4)
  9 orc zombies (Ossuary)
  6 rats
  A rat zombie (Ossuary)
256 creatures vanquished.

Notes
Turn   | Place    | Note
-------+----------+-------------------------------------------
     0 | D:1      | PentaManta the Halfling Hunter began the quest for the Orb.
     0 | D:1      | Reached XP level 1. HP: 14/14 MP: 1/1
   118 | D:1      | Reached XP level 2. HP: 19/19 MP: 2/2
   144 | D:1      | Reached skill level 5 in Crossbows
   354 | D:1      | Reached XP level 3. HP: 7/24 MP: 3/3
  1143 | D:2      | Reached skill level 12 in Crossbows
  1143 | D:2      | Reached XP level 4. HP: 12/29 MP: 4/4
  1144 | D:2      | Reached skill level 15 in Crossbows
  1144 | D:2      | Reached XP level 5. HP: 13/34 MP: 5/5
  1777 | D:2      | Reached XP level 6. HP: 36/39 MP: 6/6
  3475 | D:4      | Found March's Antique Armour Boutique.
  3837 | D:4      | Reached skill level 1 in Slings
  3837 | D:4      | Reached XP level 7. HP: 26/45 MP: 7/7
  4102 | D:4      | Found a staircase to the Ecumenical Temple.
  4153 | Temple   | Entered the Ecumenical Temple
  4516 | Temple   | Became a worshipper of Warmaster Okawaru
  4540 | D:4      | Noticed Blork the orc
  4556 | D:4      | Killed Blork the orc
  4987 | D:5      | Entered Level 5 of the Dungeon
  4995 | D:5      | Found a transporter.
  4996 | D:5      | Found a transporter.
  5004 | D:5      | Noticed Supaplex's ghost (novice GnWz)
  5757 | D:5      | Reached * piety under Okawaru
  5757 | D:5      | Reached XP level 8. HP: 47/49 MP: 8/8
  5810 | D:4      | Reached skill level 5 in Slings
  6751 | D:5      | Reached ** piety under Okawaru
  6751 | D:5      | Reached XP level 9. HP: 34/53 MP: 9/9
  6763 | D:5      | Got a pair of transparent boots
  6776 | D:5      | Identified the +1 pair of boots of Entitlement {rF+ Slay+5}
                  | (You found it on level 5 of the Dungeon)
  7735 | D:6      | Found a sand-covered staircase.
  7740 | Ossuary  | Entered an ossuary
  7956 | Ossuary  | Reached *** piety under Okawaru
  8336 | D:6      | Found a large runed translucent door.
  8337 | D:6      | Found a large runed translucent door.
  8480 | D:6      | Noticed ICC's ghost (novice VSFi)
  8729 | D:6      | Reached skill level 10 in Slings
  8820 | D:6      | Reached XP level 10. HP: 59/59 MP: 10/10
  9209 | D:7      | Noticed Duvessa
  9211 | D:7      | Noticed Dowan
  9224 | D:7      | Killed Duvessa
  9232 | D:7      | Killed Dowan
  9653 | D:7      | Reached **** piety under Okawaru
 10025 | D:7      | Reached skill level 1 in Armour
 10102 | D:7      | Found a hide-covered altar of Uskayaw.
 10171 | D:7      | Received a gift from Okawaru
 10938 | D:8      | Found a bloodstained altar of Trog.
 10938 | D:8      | Noticed shin's ghost (novice MfIE)
 10938 | D:8      | Noticed a moth of wrath
 10948 | D:8      | Found a transporter.
 11079 | D:8      | Found Faeblip's Antique Armour Shoppe.
 11399 | D:8      | Found a sparkling altar of Nemelex Xobeh.
 11623 | D:8      | Found a transporter.
 11851 | D:9      | Noticed a two-headed ogre
 11861 | D:9      | Killed a two-headed ogre
 11861 | D:9      | Reached ***** piety under Okawaru
 11861 | D:9      | Reached XP level 11. HP: 55/66 MP: 11/11
 11960 | D:9      | Noticed Gastronok
 11973 | D:9      | HP: 2/66 [Gastronok (32)]
 11980 | D:9      | Killed from afar by Gastronok

Illustrated notes

Levels and vault maps discovered:
D:1:      sevenhm_arrival_forest_fort_small_4, layout_loops_ring,
          minmay_misc_feat_more_columns
D:2:      kennysheep_six_static_rooms, layout_rooms
D:3:      layout_loops_ring
D:4:      layout_basic, minmay_temple_entry_hall, serial_shops, shop_statue,
          uniq_blork_the_orc
D:5:      kennysheep_spiral_hall, layout_basic, gammafunk_ghost_hive,
          minivault_4
D:6:      layout_loops_corners, nicolae_ossuary_entry_false_entrances,
          ebering_ghost_disaster_area
D:7:      layout_gridville, old_standard_altar, uniq_duvessa
D:8:      layout_loops_ring, gammafunk_ghost_wrathful_warriors, serial_shops,
          kennysheep_mini, nemelex_dance_club_becter
D:9:      layout_irregular_city, uniq_joseph, uniq_gastronok
Temple:   compressed_dpeg_triangle_lava_temple

Skill      XL: |  1  2  3  4  5  6  7  8  9 10 |
---------------+-------------------------------+-----
Crossbows      | 5 12 15 | 15.2
Fighting       | 2 3 |  3.5
Slings         | 1 4 7 10 12 | 12.0
Armour         | 3 |  3.4
Dodging        | 4 |  4.2
Stealth        | |  1.1

Action                   |  1- 3 |  4- 6 |  7- 9 | 10-12 || total
-------------------------+-------+-------+-------+-------++-------
Melee: Short sword       |    87 |    46 |       |       ||   133
       Dagger            |       |   154 |    26 |     5 ||   185
       Hand crossbow     |       |       |     1 |       ||     1
       Hunting sling     |       |       |       |     2 ||     2
 Fire: Hand crossbow     |    11 |    38 |   140 |    22 ||   211
       Hunting sling     |       |    42 |   418 |   364 ||   824
  Use: Potion            |     1 |     2 |       |       ||     3
       Scroll            |       |     3 |       |    11 ||    14
 Stab: Sleeping          |     4 |       |       |       ||     4
Armor: Leather armour    |    18 |    14 |       |       ||    32
       Storm dragon scal |       |   101 |   215 |    51 ||   367
Dodge: Dodged            |    84 |   190 |   170 |    50 ||   494

Table legend: (Time is in decaauts)
 A = Elapsed time spent in this place.
 B = Non-inter-level travel time spent in this place.
 C = Inter-level travel time spent in this place.
 D = Time resting spent in this place.
 E = Time spent auto-exploring this place.
 F = Levels seen in this place.
 G = Mean time per level.
                   A        B        C        D        E       F      G
               +--------+--------+--------+--------+--------+-----+--------+
         Total |  11788 |  11510 |    278 |    918 |   8452 |  11 | 1071.6 |
       Dungeon |  10870 |  10596 |    274 |    918 |   7717 |   9 | 1207.8 |
        Temple |    368 |    364 |      4 |      0 |    354 |   1 |  368.0 |
       Ossuary |    548 |    548 |      0 |      0 |    381 |   1 |  548.0 |
               +--------+--------+--------+--------+--------+-----+--------+

Top non-repeatable levels by time:
     D:5: 1892 daAuts
     D:7: 1637 daAuts
     D:4: 1404 daAuts
     D:6: 1365 daAuts
     D:2: 1186 daAuts
     D:3: 1151 daAuts
     D:1: 1136 daAuts
     D:8: 895 daAuts
 Ossuary: 548 daAuts
  Temple: 368 daAuts
     D:9: 201 daAuts
